 Dungeon Crawl Stone Soup version 0.21-a0-243-g597973d (webtiles) character file.

14 RandomMack the Sneak (level 2, 0/14 HPs)
             Began as a Spriggan Assassin on Sept 4, 2017.
             Killed by nerve-wracking pain
             ... invoked by a shadow imp
              (13 damage)
             ... on level 5 of the Dungeon.
             The game lasted 00:00:42 (385 turns).

RandomMack the Sneak (Spriggan Assassin)             Turns: 385, Time: 00:00:43

Health: 0/14       AC:  3    Str:  7    XL:     2   Next: 27%
Magic:  3/3        EV: 17    Int: 12    God:
Gold:   11         SH:  0    Dex: 17    Spells: 1/1 levels left

rFire    . . .     SeeInvis +   k - +2 dagger (venom)
rCold    . . .     Gourm    .   (shield restricted)
rNeg     . . .     Faith    .   c - +0 robe
rPois    .         Spirit   .   (helmet restricted)
rElec    .         Reflect  .   d - +0 cloak
rCorr    .         Harm     .   (gloves unavailable)
MR       .....                  (boots unavailable)
Stlth    ++++......             (no amulet)
HPRegen  0.04/turn              (no ring)
MPRegen  0.08/turn              (no ring)

@: very quick
A: unfitting armour, see invisible, herbivore 3, speed 3, slow metabolism 2
a: no special abilities


You were on level 5 of the Dungeon.
You were not hungry.

You visited 1 branch of the dungeon, and saw 5 of its levels.

You collected 11 gold pieces.

Inventory:

Hand Weapons
 b - a +0 blowgun
 k - a +2 dagger of venom (weapon)
   (You found it on level 3 of the Dungeon)
Missiles
 e - 8 poisoned needles
 f - 2 curare-tipped needles
Armour
 c - a +0 robe (worn)
 d - a +0 cloak (worn)
Jewellery
 a - an uncursed ring of flight {unknown}
   (You found it on level 5 of the Dungeon)
Scrolls
 h - a scroll of remove curse {unknown}
 i - a scroll of recharging {unknown}
Potions
 j - a potion of might {unknown}
Comestibles
 g - a bread ration {@e1}


   Skills:
 - Level 1.5 Fighting
 - Level 2.1 Short Blades
 - Level 2.0 Throwing
 - Level 1.5 Dodging
 + Level 6.8 Stealth


You had one spell level left.
You didn't know any spells.

Dungeon Overview and Level Annotations

Branches:
Dungeon (5/15)
 Temple: D:4-7

Altars:


Innate Abilities, Weirdness & Mutations

You are very small and have problems with some larger weapons.
You are too small for most types of armour.
You have supernaturally acute eyesight. (SInv)
You are a herbivore.
You cover ground extremely quickly.
You need consume almost no food.


Message History

Found a stone staircase leading down.
A kobold comes into view. It is wielding a dagger.
There is a stone staircase leading down here.
You climb downwards.
A leopard gecko comes into view.
There is a stone staircase leading up here.
A leopard gecko is nearby!
A leopard gecko is nearby!
The helpless leopard gecko fails to defend itself.
You impale the leopard gecko!!
You kill the leopard gecko!
Your Stealth skill increases to level 6!
You see here a leopard gecko corpse.
You now have 8 gold pieces.
You see here a robe.
i - a scroll labeled GEOROOZILU
j - a black potion A kobold comes into view.
A kobold is nearby!
A bat comes into view.
The helpless kobold fails to defend itself.
You impale the kobold!!
You kill the kobold!
The helpless bat fails to defend itself.
You impale the bat!!
You kill the bat!
Found a stone staircase leading down.
Found a stone staircase leading up.
No target in view!
There is a stone staircase leading down here.
You climb downwards.
There is a stone staircase leading up here.
Found an escape hatch in the floor.
A hobgoblin comes into view. It is wielding a club.
Found an escape hatch in the ceiling.
Found a stone staircase leading down.
k - a runed dagger Wield which item (- for none, * to show all)? (? for menu, Esc to quit)
Your +2 dagger of venom begins to drip with poison!
k - a +2 dagger of venom (weapon)
Drop what? 11/52 slots (_ for help) (? for menu, Esc to quit)
You drop a +2 dagger.
The hobgoblin is too close now for your liking.
You see here 10 gold pieces.
There is an escape hatch in the floor here.
You slide downwards.
The hatch slams shut behind you.
A jackal skeleton comes into view.
A jackal skeleton is nearby!
The helpless jackal skeleton fails to defend itself.
You impale the jackal skeleton!!
You destroy the jackal skeleton!
You see here 14 arrows.
You enter a teleport trap!
The teleport trap disappears.
Your surroundings suddenly seem different.
A frilled lizard comes into view.
Unknown command.
Unknown command.
A frilled lizard is nearby!
A frilled lizard is nearby!
The frilled lizard hisses angrily.
You hit the frilled lizard but do no damage.
The frilled lizard is poisoned.
The frilled lizard misses you.
You barely miss the frilled lizard.
You kill the frilled lizard!
No target in view!
You now have 11 gold pieces (gained 3).
Found a stone staircase leading down.
An adder comes into view.
An adder is nearby!
A centaur skeleton comes into view.
The adder hisses angrily.
You hit the adder. The adder completely misses you.
You barely miss the adder. The adder closely misses you.
You hit the adder.
The adder is poisoned.
The adder misses you.
You closely miss the adder.
You kill the adder!
You have reached level 2!
Health restored: 14; MP restored: 3 The centaur skeleton misses you.
You see here an adder corpse.
There is a stone staircase leading down here.
The centaur skeleton closely misses you.
You climb downwards.
There is a stone staircase leading up here.
a - a scratched silver ring A shadow imp comes into view.
The shadow imp misses you.
You hit the shadow imp.
The shadow imp is poisoned.
The shadow imp barely misses you.
You closely miss the shadow imp. The shadow imp hits you.
You take 1 damage, and have 13/14 hp.
You closely miss the shadow imp. The shadow imp misses you.
You barely miss the shadow imp. The shadow imp barely misses you.
You barely miss the shadow imp.
You hit the shadow imp but do no damage.
The shadow imp gestures at you. Pain shoots through your body!
Ouch! That really hurt!
You die...

#.# #.# #.# #.# #.# #.#
#5# #@# #.# #.# #.#
################.###.$.
........................
######################.#


You could see a shadow imp.

Vanquished Creatures
  An adder (D:4)
  A leopard gecko (D:2)
  A bat (D:2)
  A frilled lizard (D:4)
  A jackal skeleton (D:4)
  A kobold (D:2)
6 creatures vanquished.

Notes
Turn   | Place    | Note
-------+----------+-------------------------------------------
     0 | D:1      | RandomMack the Spriggan Assassin began the quest for the Orb.
     0 | D:1      | Reached XP level 1. HP: 10/10 MP: 2/2
    36 | D:2      | Reached skill level 6 in Stealth
   265 | D:4      | Reached XP level 2. HP: 14/14 MP: 3/3
   279 | D:5      | Entered Level 5 of the Dungeon
   385 | D:5      | Killed from afar by a shadow imp

Vault maps used:
D:1:      saegor_arrival_miasma, minmay_hedge_maze, minmay_split_cup_large
D:3:      first_bread, grunt_ministairs_15
D:5:      nicolae_overflow_crystal_walls, lemuel_doored_altar,
          minmay_temple_entry_trees

Skill      XL: |  1 |
---------------+----+-----
Stealth        | 6 |  6.8
Fighting       | |  1.5
Short Blades   | |  2.1
Throwing       | |  2.0
Dodging        | |  1.5

Action                   || total
-------------------------++-------
Melee: Dagger            ||    16
 Stab: Sleeping          ||     4
Dodge: Dodged            ||    10

Table legend:
 A = Spawn XP
 B = Non-spawn XP
 C = Spawn XP percentage of total XP
 D = Spawn monster count
 E = Non-spawn monster count
 F = Spawn count percentage of total count
 G = Total turns spent on level
                    A         B        C        D         E        F      G
               +---------+---------+-------+---------+---------+-------+---------
         Total |       0 |      20 |   0.0 |       0 |       6 |   0.0 |   385
               +---------+---------+-------+---------+---------+-------+---------
           D:2 |       0 |       5 |   0.0 |       0 |       3 |   0.0 |   131
           D:4 |       0 |      15 |   0.0 |       0 |       3 |   0.0 |    68
               +---------+---------+-------+---------+---------+-------+---------

Vault maps used:
D:1:      saegor_arrival_miasma, minmay_hedge_maze, minmay_split_cup_large
D:3:      first_bread, grunt_ministairs_15
D:5:      nicolae_overflow_crystal_walls, lemuel_doored_altar,
          minmay_temple_entry_trees

Table legend:
 A = Turns spent in this place as a percentage of turns spent in the entire game.
 B = Non-inter-level travel turns spent in this place as a percentage of non-inter-level travel turns spent in the entire game.
 C = Inter-level travel turns spent in this place as a percentage of turns spent in this place.
 D = Turns resting spent in this place as a percentage of non-inter-level travel turns spent in this place.
 E = Turns spent auto-exploring this place as a percentage of non-inter-level travel turns spent in this place.
 F = Non-inter-level travel turns spent in this place divided by the number of levels of this place that you've seen.
                   A       B       C       D       E      F
               +-------+-------+-------+-------+-------+----------------------
         Total | 100.0 | 100.0 |   0.8 |   0.0 |  71.5 |  76.4
       Dungeon | 100.0 | 100.0 |   0.8 |   0.0 |  71.5 |  76.4
               +-------+-------+-------+-------+-------+----------------------

Table legend:
 A = Kills in this place as a percentage of kills in entire the game.
 B = Kills by you in this place as a percentage of kills by you in the entire game.
 C = Kills by friends in this place as a percentage of kills by friends in the entire game.
 D = Other kills in this place as a percentage of other kills in the entire game.
 E = Experience gained in this place as a percentage of experience gained in the entire game.
 F = Experience gained in this place divided by the number of levels of this place that you have seen.
                   A       B       C       D       E      F
               +-------+-------+-------+-------+-------+----------------------
         Total | 100.0 | 100.0 |   N/A |   N/A | 100.0 |   4.0
       Dungeon | 100.0 | 100.0 |   N/A |   N/A | 100.0 |   4.0
               +-------+-------+-------+-------+-------+----------------------
